AoeStats
← ThunderboltX

Arena

510288967Analyzed
1v1 RM · 2d ago on Sep 30, 2026· 33m 7s· 2 players
Game mode
Random Map
Map size
Tiny (2 player)
Population
200
Speed
Normal
Resources
Standard
Victory
Conquest
Starting age
Dark Age
Ending age
Imperial Age
RankedLock teamsTeams togetherTeam positionsShared explorationLock speedFull tech treeHidden civsTurbo modeCheats
Victory
Defeat
🇧🇬 Malay · Bulgaria
2477
+21
🇮🇹 Cumans · Italy
2584
-21
ThunderboltX
11:02 Feudal Age
11:32 Feudal Age
14:22 Castle Age
12:29 Double-Bit Axe
13:00 Horse Collar
14:50 Bow Saw
19:58 Wheelbarrow
20:35 Town Watch
21:10 Hand Cart
23:12 Heavy Plow
27:03 Imperial Age
24:18 Loom
25:27 Sanctity
25:12 Fletching
24:43 Crossbowman
25:54 Bodkin Arrow
26:15 Sappers
26:54 Gold Mining
28:09 Chemistry
28:08 Bracer
29:00 Gold Shaft Mining
29:08 Ballistics
28:58 Squires
29:11 Forging
29:48 Conscription
29:05 Pikeman
30:45 Iron Casting
29:59 Halberdier
31:54 Arbalester
32:36 Padded Archer Armor
RoR | Vodka_L_2
8:41 Feudal Age
9:19 Double-Bit Axe
9:51 Horse Collar
19:56 Castle Age
19:03 Wheelbarrow
18:37 Stone Mining
19:09 Gold Mining
22:08 Heavy Plow
22:56 Hand Cart
22:37 Town Watch
23:07 Hand Cart
26:53 Imperial Age
24:10 Loom
24:35 Fletching
25:07 Bow Saw
25:18 Bodkin Arrow
26:50 Bloodlines
27:02 Scale Barding Armor
27:01 Cavalier
28:37 Chain Barding Armor
29:23 Conscription
29:53 Plate Barding Armor
30:29 Forging
31:23 Conscription
Connection lost

Rejoining the realm…

Still unreachable

The connection could not be restored.

Session expired

The server has moved on; the page needs a fresh start.